 Dungeon Crawl Stone Soup version 0.19-a0-1852-gc11d922 (webtiles) character file.

33 Psiweapon the Vexing (level 3, -1/24 HPs)
             Began as a Vampire Enchanter on Oct 11, 2016.
             Slain by Grinder (6 damage)
             ... on level 3 of the Dungeon.
             The game lasted 00:04:22 (1095 turns).

Psiweapon the Vexing (Vampire Enchanter)            Turns: 1095, Time: 00:04:23

Health: -1/24      AC:  3    Str:  7    XL:     3   Next: 12%
Magic:  5/6        EV: 13    Int: 17    God:
Gold:   28         SH:  0    Dex: 15    Spells: 2 memorised, 3 levels left

rFire  . . .     SeeInvis +     a - +1 dagger
rCold  + . .     Gourm    .     b - +1 robe
rNeg   + + .     Faith    .     (no shield)
rPois  +         Spirit   .     (no helmet)
rElec  .         Dismiss  .     (no cloak)
rCorr  .         Reflect  .     (no gloves)
MR     .....     Harm     +     (no boots)
Stlth  ++++......               g - amulet of harm
                                (no ring)
                                (no ring)

@: regenerating slowly
A: fangs 3, see invisible, unbreathing
a: Bat Form


You were on level 3 of the Dungeon.
You were very thirsty.

You visited 1 branch of the dungeon, and saw 3 of its levels.

You collected 28 gold pieces.

Inventory:

Hand Weapons
 a - a +1 dagger (weapon)
Missiles
 j - 26 sling bullets
Armour
 b - a +1 robe (worn)
Jewellery
 g - an amulet of harm (around neck)
Scrolls
 e - a scroll of identify {unknown}
 f - a scroll of noise {unknown}
 h - a scroll of fog {unknown}
 k - a scroll of amnesia {unknown}
 l - 2 scrolls of remove curse {unknown}
Potions
 d - 10 potions of blood
 i - a potion of agility {unknown}
Books
 c - a book of Maledictions

   Spells                             Type                      Level
   a - Corona                         Hexes                        1
   b - Ensorcelled Hibernation        Hexes/Ice                    2
   c - Confuse                        Hexes                        3
   d - Tukima's Dance                 Hexes                        3
   e - Dazzling Spray                 Conjuration/Hexes            3


   Skills:
 - Level 1.1 Short Blades
 - Level 2.1 Dodging
 - Level 4.4 Stealth
 - Level 2.0 Spellcasting
 - Level 6.0 Hexes
 + Level 0.6 Ice Magic


You had 3 spell levels left.
You knew the following spells:

 Your Spells              Type           Power        Failure   Level  Hunger
a - Corona                Hex            ###....      1%          1    #......
b - Ensorcelled Hibernat  Hex/Ice        ##....       10%         2    ###....


Dungeon Overview and Level Annotations

Branches:
Dungeon (3/15)

Altars:

Annotations:
D:3 Grinder


Innate Abilities, Weirdness & Mutations

You heal slowly.
You have razor-sharp teeth.
You have supernaturally acute eyesight. (SInv)
You can survive without breathing.


Message History

Aim: Grinder (heavily wounded, chance to defeat MR: 62%) Grinder is outlined in light.
Grinder hits you!
* * * LOW HITPOINT WARNING * * *
You writhe in agony.
* * * LOW HITPOINT WARNING * * *
You barely miss Grinder.
Grinder is heavily wounded.
Grinder barely misses you.
Unknown command.
You are feeling very thirsty.
You hit Grinder.
Grinder is heavily wounded.
Grinder barely misses you.
You hit Grinder but do no damage.
Grinder is heavily wounded.
Grinder blinks!
You hit Grinder.
Grinder is severely wounded.
Grinder hits you.
You die...

.#
########+###.#
#.............
#...........#
#......(....#
#.....@..$(.#
#.....5.....#
#.....<.....#
............).#
.##...........+
#...........#
#..w........#
#######..?###
.###


You could see Grinder and a dart slug (sleeping).

Vanquished Creatures
  A worm (D:2)
  A dart slug (D:1)
  A leopard gecko (D:1)
  A ball python (D:1)
  2 bats (D:1)
  2 giant cockroaches (D:1)
  4 goblins (D:1)
  6 jackals (D:1)
  3 kobolds (D:1)
  2 rats (D:1)
23 creatures vanquished.

Notes
Turn   | Place    | Note
-------+----------+-------------------------------------------
     0 | D:1      | Psiweapon the Vampire Enchanter began the quest for the Orb.
     0 | D:1      | Reached XP level 1. HP: 13/13 MP: 3/3
   117 | D:1      | Reached skill level 5 in Hexes
   299 | D:1      | Reached XP level 2. HP: 18/19 MP: 5/5
   689 | D:1      | Learned a level 2 spell: Ensorcelled Hibernation
   755 | D:1      | Reached skill level 6 in Hexes
   870 | D:1      | Reached XP level 3. HP: 23/24 MP: 6/6
  1085 | D:3      | Noticed Grinder
  1095 | D:3      | Slain by Grinder

Vault maps used:
D:1:      lightli_arrival_statuegarden
D:2:      first_bread, minmay_tromino_v7, uniq_robin, uniq_sigmund
D:3:      serial_corexii_hall, corexii_hall_statues_i, corexii_hall_statues_i,
          fedhas_altar_3, uniq_grinder

Skill      XL: |  1  2 |
---------------+-------+-----
Hexes          | 5 6 |  6.0
Short Blades   | |  1.1
Dodging        | |  2.1
Stealth        | |  4.4
Spellcasting   | |  2.0
Ice Magic      | |  0.6

Action                   || total
-------------------------++-------
Melee: Dagger            ||    87
       Bite              ||     4
 Cast: Corona            ||    12
       Ensorcelled Hiber ||     7
 Stab: Sleeping          ||     8
Armor: Robe              ||    22
Dodge: Dodged            ||    53
